 Dungeon Sprint DCSS version 0.27-a0-1147-gb3d8e82157 (webtiles) character file.

Game seed: 9022269342879740380

5 Vaeryne the Magician (level 1, -3/13 HPs)
             Began as a Spriggan Conjurer on May 11, 2021.
             Slain by a water moccasin (4 damage)
             ... in the Dungeon (Sprint IX: "|||||||||||||||||||||||||||||").
             The game lasted 00:00:38 (231 turns).

Vaeryne the Magician (Spriggan Conjurer)             Turns: 231, Time: 00:00:39

Health: -3/13      AC:  2    Str:  3    XL:     1   Next: 66%
Magic:  7/7        EV: 17    Int: 19    God:
Gold:   0          SH:  0    Dex: 13    Spells: 9/10 levels left

rFire    . . .     SeeInvis +   b - +0 short sword
rCold    . . .     Faith    .   (shield restricted)
rNeg     . . .     Spirit   .   a - +0 robe
rPois    .         Reflect  .   (helmet restricted)
rElec    .         Harm     .   (no cloak)
rCorr    .         Rampage  .   (gloves unavailable)
Will     .....     NoTele   +   (boots unavailable)
Stlth    ..........             (no amulet)
HPRegen  0.04/turn              (no ring)
MPRegen  0.10/turn              (no ring)

@: berserking, very quick
A: very small, no large weapons, unfitting armour, see invisible, speed 3
a: no special abilities


You were in the Dungeon.
You visited 1 branch

Inventory:

Hand Weapons
 b - a +0 short sword (weapon)
Armour
 a - a +0 robe (worn)
Scrolls
 h - a scroll of blinking
Potions
 c - a potion of curing
 d - a potion of heal wounds
 e - a potion of haste
 f - 2 potions of magic


   Skills:
 - Level 2.6 Dodging
 - Level 3.0 Stealth
 + Level 5.0 Spellcasting
 - Level 2.9 Conjurations


You had 9 spell levels left.
You knew the following spells:

 Your Spells              Type           Power      Damage    Failure   Level
a - Magic Dart            Conj           64%        1d6       3%          1

Your spell library contained the following spells:

 Spells                   Type           Power      Damage    Failure   Level
 Searing Ray              Conj           32%        3d4       5%          2
 Dazzling Flash           Conj/Hex       20%        N/A       21%         3
 Fulminant Prism          Conj/Hex       5%         3d7       54%         4
 Iskenderun's Mystic Bla  Conj/Tloc      10%        2d4       54%         4


Dungeon Overview and Level Annotations

Branches:
Dungeon (1/1)

Altars:


Innate Abilities, Weirdness & Mutations

You are very small and have problems with some larger weapons.
You are too small for most types of armour.
You have supernaturally acute eyesight. (SInv)
You cover ground extremely quickly. (Speed+++)


Message History

The magic dart hits the goblin.
You kill the goblin!
Casting: Magic Dart (safe; 3% risk of failure)
Confirm with . or Enter, or press ? or * to list all spells.
Aiming: Magic Dart (safe; 3% risk of failure)
Press: ? - help, Shift-Dir - straight line, f - bat
Aim: a bat (100% to hit)
The magic dart hits the bat.
You kill the bat!
Your Spellcasting skill increases to level 5!
Things that are here:
a +0 dagger; a kobold corpse
Things that are here:
a +0 dagger; a bat corpse
There is an open door to the Dungeon here.
You start resting.
Magic restored.
Things that are here:
a stone; a hobgoblin corpse; a kobold corpse You open the door.
A water moccasin, a hound, a zombie, a skeleton and a dart slug come into view.
A red film seems to cover your vision as you go berserk!
You feel yourself moving faster!
You feel mighty!
The water moccasin hisses angrily.
The hound barks!
The adder zombie bites you.
You puncture the adder zombie!
The adder zombie is severely damaged.
You closely miss the water moccasin. The water moccasin bites you!
Ouch! That really hurt!
* * * LOW HITPOINT WARNING * * *
You hit the water moccasin.
The water moccasin is lightly wounded.
The water moccasin barely misses you.
You puncture the water moccasin!
The water moccasin is heavily wounded.
The water moccasin barely misses you.
You closely miss the water moccasin.
The water moccasin is heavily wounded.
The water moccasin bites you.
You die...

▓.▓
▓)▓
▓)▓
▓'▓
▓(▓
▓.▓
▓.▓
▓.▓
▓@▓
▓S▓
▓Z▓
▓w▓
▓Z▓
▓h▓
▓.▓
▓+▓


You could see a water moccasin, a hound, a dart slug, an adder zombie and a ball
python skeleton.

Vanquished Creatures
  A bat (D)
  A goblin (D)
  A hobgoblin (D)
  2 kobolds (D)
5 creatures vanquished.

Notes
Turn   | Place    | Note
-------+----------+-------------------------------------------
     0 | D        | Vaeryne the Spriggan Conjurer began the quest for the Orb.
     0 | D        | Reached XP level 1. HP: 9/9 MP: 5/5
     8 | D        | Reached skill level 3 in Spellcasting
     9 | D        | Reached skill level 4 in Spellcasting
   163 | D        | Reached skill level 5 in Spellcasting
   225 | D        | Noticed a water moccasin
   225 | D        | Noticed a hound
   231 | D        | Slain by a water moccasin

Illustrated notes

Levels and vault maps discovered:
D:        linesprint [early_d, line_temple, items_1, d_10, items_2, lair_1,
          lair_end, items_3, orc_1, orc_end, items_4, d_15, swamp_1, shoals_1,
          snake_1, spider_1, d_20, vaults_1, items_5, swamp_end, shoals_end,
          snake_end, spider_end, vaults_end, d_27, items_6, zot_1, zot_end,
          crypt_end, forest_end, elf_end, slime_end, tomb_end, abyss_end,
          pan_hell_end]

Skill      XL: |  1 |
---------------+----+-----
Spellcasting   | 5 |  5.0
Dodging        | |  2.6
Stealth        | |  3.0
Conjurations   | |  2.9

Action                   || total
-------------------------++-------
Melee: Short sword       ||     5
 Cast: Magic Dart        ||     9
  Use: Potion            ||     1
Armor: Robe              ||     1
Dodge: Dodged            ||     5

Table legend: (Time is in decaauts)
 A = Elapsed time spent in this place.
 B = Non-inter-level travel time spent in this place.
 C = Inter-level travel time spent in this place.
 D = Time resting spent in this place.
 E = Time spent auto-exploring this place.
 F = Levels seen in this place.
 G = Mean time per level.
                   A        B        C        D        E       F      G
               +--------+--------+--------+--------+--------+-----+--------+
         Total |    221 |    221 |      0 |     53 |      0 |   1 |  221.0 |
       Dungeon |    221 |    221 |      0 |     53 |      0 |   1 |  221.0 |
               +--------+--------+--------+--------+--------+-----+--------+

Top non-repeatable levels by time:
       D: 221 daAuts
